AoeStats
← Zaissi

Coastal Forest

510373521Analyzed
4v4 RM · 14h ago on Sep 30, 2026· 14m 3s· 8 players
Game mode
Random Map
Map size
Large (8 player)
Population
200
Speed
Normal
Resources
Standard
Victory
Conquest
Starting age
Dark Age
Ending age
Imperial Age
RankedLock teamsTeams togetherTeam positionsShared explorationLock speedFull tech treeHidden civsTurbo modeCheats
Victory
Defeat
🇺🇸 Georgians · United States
1591
+12
🇬🇧 Magyars · United Kingdom
1561
+13
🇫🇮 Italians · Finland
1539
+14
🇲🇽 Mongols · Mexico
1527
+14
🇦🇷 Franks · Argentina
1557
-16
🇵🇰 Aztecs · Pakistan
1541
-15
🇦🇷 Lithuanians · Argentina
1449
-11
🇭🇺 Burgundians · Hungary
1424
-11
CAXCAN
8:52 Feudal Age
9:13 Loom
ashleylynn
12:39 Feudal Age
Zaissi
5:08 Loom
10:35 Feudal Age
12:26 Wheelbarrow
Chopper
6:41 Loom
8:55 Feudal Age
9:52 Double-Bit Axe
elchinaleikazo
Chungus
Leviツ
EL_REY_TUT
Connection lost

Rejoining the realm…

Still unreachable

The connection could not be restored.

Session expired

The server has moved on; the page needs a fresh start.